Tamiflu vs Saguenéens
(R1)
Created - 8 janvier 2015 at 19:27
Goals
|
Tamiflu |
1 |
0 |
4 |
5 |
Saguenéens |
3 |
3 |
1 |
7 |
|
Shots
|
Tamiflu |
11 |
7 |
13 |
31 |
Saguenéens |
13 |
11 |
9 |
33 |
|
1st period
1. Saguenéens , Bryan Bickell 9 (Jeffrey Foss, David Laliberté) at 2:26
2. Saguenéens , Derek Morris 5 (Kris Russell) at 7:07
3. Saguenéens , Kyle Brodziak 19 (Joffrey Lupul, David Moss) at 11:04
4. Tamiflu , Nate Thompson 25 (Alex Picard, Mike McKenna) at 18:21 (PP)
Penalties :
David Moss (Chi) for Roughing (Minor) at 4:10, Jan Mursak (Det) for Tripping (Minor) at 11:11, Jan Mursak (Det) for Delaying the game (Minor) at 14:15, Bryan Bickell (Chi) for Tripping (Minor) at 17:42, Nathan Oystrick (Det) for Delaying the game (Minor) at 18:57, Jonathan Sigalet (Det) for Slashing (Minor) at 19:20
2nd period
5. Saguenéens , Rhett Rakhshani 7 (Brian Flynn, Derek Morris) at 8:54
6. Saguenéens , Tyler McNeely 5 (Rhett Rakhshani, Brian Flynn) at 11:15
7. Saguenéens , Joffrey Lupul 17 (David Moss, Kyle Brodziak) at 19:38
Penalties :
David Laliberté (Chi) for Elbowing (Minor) at 11:47
3rd period
8. Tamiflu , Jan Mursak 6 (Petr Pohl) at 0:27
9. Tamiflu , Garrett Wilson 1 (Philippe Dupuis, Ben Hanowski) at 1:13
10. Tamiflu , Alex Picard 31 (Nate Thompson) at 6:51 (PP)
11. Tamiflu , Jan Mursak 7 (Johan Fransson, Adam Henrique) at 12:41 (PP)
12. Saguenéens , Joffrey Lupul 18 (David Moss, Kyle Brodziak) at 19:20 (Empty Net)
Penalties :
Derek Morris (Chi) for Fighting (Major) at 0:37, Carson Mcmillan (Det) for Fighting (Major) at 0:37, Bryan Bickell (Chi) for Tripping (Minor) at 3:33, Joffrey Lupul (Chi) for Hooking (Minor) at 6:41, Derek Morris (Chi) for High sticking (Minor) at 7:21, Derek Morris (Chi) for Hooking (Minor) at 12:05, Mike Duco (Det) for Holding (Minor) at 16:30, Kyle Brodziak (Chi) for Hooking (Minor) at 16:40
Goalie Stats
Mike McKenna (Det), 13 saves from 17 shots - (0,765), 28:54 minutes
Thomas Greiss (Det), 13 saves from 15 shots - (0,867), L, 6-7-2, 30:46 minutes
James Reimer (Chi), 26 saves from 31 shots - (0,839), W, 8-15-3, 60:00 minutes
Players Stats for Tamiflu
Player Name G A P +/- PIM S H SB GA TA FO MP PP MP PK MP
------------------------------------------------------------------------------------
Adam Henrique 0 1 1 1 0 1 1 0 0 1 4/10 16:20 4:01 0:00
Alex Picard 1 1 2 -2 0 7 0 1 0 0 0/0 23:29 5:22 2:21
Ben Hanowski 0 1 1 0 0 0 0 0 0 0 0/0 7:25 0:08 0:00
Carson Mcmillan 0 0 0 -3 5 0 1 0 0 0 1/1 19:34 4:21 1:17
Casey Wellman 0 0 0 -4 0 0 0 0 0 0 6/8 9:29 0:00 0:58
Cody Goloubef 0 0 0 -1 0 0 0 0 0 1 0/0 5:44 0:00 0:46
Garrett Wilson 1 0 1 1 0 1 0 0 0 0 0/0 7:44 0:08 0:52
Jan Mursak 2 0 2 1 4 3 1 0 0 0 0/0 16:32 4:01 0:00
Johan Fransson 0 1 1 2 0 1 0 0 0 0 0/0 18:52 2:39 2:01
Jonathan Sigalet 0 0 0 -2 2 2 0 3 1 1 0/0 27:06 6:52 3:15
Jordan Hendry 0 0 0 -2 0 3 1 2 1 1 0/0 28:14 6:52 4:29
Kyle Lawson 0 0 0 -4 0 0 0 0 0 0 0/0 8:37 0:00 0:00
Mike Duco 0 0 0 -5 2 2 0 0 0 0 0/0 11:16 1:09 0:00
Nate Thompson 1 1 2 -2 0 5 0 0 1 1 20/49 24:40 5:22 3:32
Nathan Oystrick 0 0 0 2 2 1 0 1 1 1 0/0 17:36 2:39 1:27
Petr Pohl 0 1 1 1 0 3 4 2 2 1 0/1 18:01 4:01 1:17
Philip Samuelsson 0 0 0 -4 0 0 1 0 0 0 0/0 9:50 0:00 1:13
Philippe Dupuis 0 1 1 1 0 2 0 0 0 0 2/2 6:40 0:00 0:35
Rich Clune 0 0 0 -4 0 0 2 0 0 0 0/0 8:33 0:00 0:20
Stefan Elliott 0 0 0 0 0 0 0 0 0 0 0/0 0:00 0:00 0:00
Teemu Laakso 0 0 0 -1 0 0 0 0 0 0 0/0 4:17 0:00 0:00
Teigan Zahn 0 0 0 0 0 0 0 0 0 0 0/0 0:00 0:00 0:00
Players Stats for Saguenéens
Player Name G A P +/- PIM S H SB GA TA FO MP PP MP PK MP
------------------------------------------------------------------------------------
Andre Petersson 0 0 0 0 0 0 2 0 0 0 0/0 5:03 0:00 0:00
Brandon Burlon 0 0 0 3 0 0 0 1 0 0 0/0 13:44 0:00 2:43
Brian Flynn 0 2 2 3 0 1 0 0 0 0 3/6 10:12 0:40 0:00
Bryan Bickell 1 0 1 0 4 2 1 0 0 0 1/2 16:04 2:47 1:11
David Laliberté 0 1 1 0 2 1 3 0 0 0 0/0 15:35 2:47 1:26
David Moss 0 3 3 2 2 4 0 1 4 1 8/12 23:57 3:10 4:46
Derek Morris 1 1 2 1 9 6 2 1 2 1 0/0 25:09 4:15 2:57
Eric Tangradi 0 0 0 0 0 2 1 0 0 0 1/3 9:11 0:00 2:33
Jeffrey Foss 0 1 1 2 0 0 0 1 0 0 0/0 14:36 0:00 1:17
Joffrey Lupul 2 1 3 2 2 6 3 1 0 1 1/4 25:42 3:10 5:50
Kevin Marshall 0 0 0 1 0 0 1 1 0 1 0/0 22:02 2:15 3:24
Kris Russell 0 1 1 2 0 3 2 4 0 0 0/0 29:34 4:15 6:05
Kyle Brodziak 1 2 3 2 2 5 3 1 1 0 17/28 20:55 3:02 2:08
Marcus Johansson 0 0 0 0 0 0 0 0 0 0 5/12 16:01 2:47 0:53
Mike Sauer 0 0 0 1 0 0 1 2 0 1 0/0 14:47 2:15 2:26
Petteri Wirtanen 0 0 0 0 0 1 1 0 0 0 1/3 5:03 0:00 0:00
Rhett Rakhshani 1 1 2 3 0 1 2 0 0 1 0/0 9:49 0:33 0:00
Tyler McNeely 1 0 1 3 0 1 1 0 0 0 1/1 11:07 0:33 0:25
3 Stars
1 - Joffrey Lupul (Chi)
2 - Kyle Brodziak (Chi)
3 - Rhett Rakhshani (Chi)
Power Play
Tamiflu - 3 on 8 Attempt(s) - 37,50%
Saguenéens - 0 on 5 Attempt(s) - 0,00%
Penalty Kill
Tamiflu - 5 on 5 Attempt(s) - 100,00%
- Score 0 goal in Penalty Kill
Saguenéens - 5 on 8 Attempt(s) - 62,50%
- Score 0 goal in Penalty Kill
Official
Referees : Peel Tim and LaRue Dennis
Linesman : Darren Gibbs and Dan Schachte
Game Notes
Thomas Greiss enters game at 8:54 of 2nd period
Derek Morris beats up Carson Mcmillan at 0:37 of 3rd period
Mike Sauer is injured at 6:34 of 3rd period (Abdomen/Ribs)
Joffrey Lupul has scored in a empty net!
Finance
Level 1 -- Attendance: 1526 (76,30%) -- Ticket Income 61 040 $
Level 2 -- Attendance: 771 (77,10%) -- Ticket Income 15 420 $
Total Attendance: 2297 (76,57%)
Total Ticket Income: 76 460 $
Other Income: 3 823 $
Total Income: 80 283 $
Tamiflu
5 vs 5 Forward
Center Left Wing Right Wing Time % Phy DF OF
1 Nate Thompson Alex Picard Carson Mcmillan 40 1 2 2
2 Adam Henrique Jan Mursak Petr Pohl 30 1 2 2
3 Casey Wellman Rich Clune Mike Duco 20 1 2 2
4 Philippe Dupuis Garrett Wilson Ben Hanowski 10 1 2 2
5 vs 5 Defense
Defense Defense Time % Phy DF OF
1 Jonathan Sigalet Jordan Hendry 40 1 2 2
2 Nathan Oystrick Johan Fransson 30 1 2 2
3 Kyle Lawson Philip Samuelsson 20 1 2 2
4 Cody Goloubef Teemu Laakso 10 1 2 2
PowerPlay Forward
Center Left Wing Right Wing Time % Phy DF OF
1 Nate Thompson Alex Picard Carson Mcmillan 60 1 2 2
2 Adam Henrique Jan Mursak Petr Pohl 40 1 2 2
PowerPlay Defense
Defense Defense Time % Phy DF OF
1 Jonathan Sigalet Jordan Hendry 60 1 2 2
2 Nathan Oystrick Johan Fransson 40 1 2 2
Penalty Kill 4 Players Forward
Center Wing Time % Phy DF OF
1 Nate Thompson Alex Picard 60 1 2 2
2 Carson Mcmillan Petr Pohl 40 1 2 2
Penalty Kill 4 Players Defense
Defense Defense Time % Phy DF OF
1 Jonathan Sigalet Jordan Hendry 60 1 2 2
2 Nathan Oystrick Johan Fransson 40 1 2 2
Penalty Kill - 3 Players Forward
Forward Time % Phy DF OF
1 Nate Thompson 60 1 2 2
2 Alex Picard 40 1 2 2
Penalty Kill - 3 Players Defense
Defense Defense Time % Phy DF OF
1 Jonathan Sigalet Jordan Hendry 60 1 2 2
2 Nathan Oystrick Johan Fransson 40 1 2 2
4 vs 4 Forward
Center Wing Time % Phy DF OF
1 Nate Thompson Alex Picard 60 1 2 2
2 Carson Mcmillan Petr Pohl 40 1 2 2
4 vs 4 Defense
Defense Defense Time % Phy DF OF
1 Jonathan Sigalet Jordan Hendry 60 1 2 2
2 Nathan Oystrick Johan Fransson 40 1 2 2
Last Minutes Offensive
Center Left Wing Right Wing Defense Defense
Nate Thompson Alex Picard Carson Mcmillan Jonathan Sigalet Jordan Hendry
Last Minutes Defensive
Center Left Wing Right Wing Defense Defense
Nate Thompson Alex Picard Carson Mcmillan Jonathan Sigalet Jordan Hendry
Goaltenders
Starting : Mike McKenna
Backup : Thomas Greiss
Extra Forwards
Normal : Mike Duco, Ben Hanowski, Casey Wellman - PP : Mike Duco, Ben Hanowski - PK : Casey Wellman
Extra Defensemen
Normal : Kyle Lawson, Philip Samuelsson, Cody Goloubef - PP : Kyle Lawson - PK : Philip Samuelsson, Cody Goloubef
Penalty Shots
Nate Thompson, Alex Picard, Carson Mcmillan, Petr Pohl, Adam Henrique
Saguenéens
5 vs 5 Forward
Center Left Wing Right Wing Time % Phy DF OF
1 Kyle Brodziak Joffrey Lupul David Moss 40 1 2 2
2 Marcus Johansson Bryan Bickell David Laliberté 30 1 2 2
3 Brian Flynn Tyler McNeely Rhett Rakhshani 20 1 2 2
4 Petteri Wirtanen Eric Tangradi Andre Petersson 10 1 2 2
5 vs 5 Defense
Defense Defense Time % Phy DF OF
1 Derek Morris Kris Russell 40 1 2 2
2 Kevin Marshall Mike Sauer 30 1 2 2
3 Jeffrey Foss Brandon Burlon 20 1 2 2
4 Derek Morris Kevin Marshall 10 1 2 2
PowerPlay Forward
Center Left Wing Right Wing Time % Phy DF OF
1 Kyle Brodziak Joffrey Lupul David Moss 60 1 2 2
2 Marcus Johansson Bryan Bickell David Laliberté 40 1 2 2
PowerPlay Defense
Defense Defense Time % Phy DF OF
1 Derek Morris Kris Russell 60 1 2 2
2 Kevin Marshall Mike Sauer 40 1 2 2
Penalty Kill 4 Players Forward
Center Wing Time % Phy DF OF
1 David Moss Joffrey Lupul 60 1 2 2
2 Kyle Brodziak David Laliberté 40 1 2 2
Penalty Kill 4 Players Defense
Defense Defense Time % Phy DF OF
1 Derek Morris Kris Russell 60 1 2 2
2 Kevin Marshall Mike Sauer 40 1 2 2
Penalty Kill - 3 Players Forward
Forward Time % Phy DF OF
1 David Moss 60 1 2 2
2 Joffrey Lupul 40 1 2 2
Penalty Kill - 3 Players Defense
Defense Defense Time % Phy DF OF
1 Derek Morris Kris Russell 60 1 2 2
2 Kevin Marshall Mike Sauer 40 1 2 2
4 vs 4 Forward
Center Wing Time % Phy DF OF
1 Marcus Johansson Joffrey Lupul 60 1 2 2
2 Kyle Brodziak David Moss 40 1 2 2
4 vs 4 Defense
Defense Defense Time % Phy DF OF
1 Derek Morris Kris Russell 60 1 2 2
2 Kevin Marshall Mike Sauer 40 1 2 2
Last Minutes Offensive
Center Left Wing Right Wing Defense Defense
Kyle Brodziak Joffrey Lupul David Moss Derek Morris Kris Russell
Last Minutes Defensive
Center Left Wing Right Wing Defense Defense
Kyle Brodziak Joffrey Lupul David Moss Derek Morris Kris Russell
Goaltenders
Starting : James Reimer
Backup : Harru Sateri
Extra Forwards
Normal : Brian Flynn, Tyler McNeely, Eric Tangradi - PP : Brian Flynn, Tyler McNeely - PK : Eric Tangradi
Extra Defensemen
Normal : Jeffrey Foss, Brandon Burlon, Mike Sauer - PP : Jeffrey Foss - PK : Brandon Burlon, Jeffrey Foss
Penalty Shots
David Moss, Joffrey Lupul, Kyle Brodziak, David Laliberté, Bryan Bickell
% Time on Ice - Tamiflu
Lines # - Real PCT - Wanted PCT - Time Play
Normal Forward
1 - 36% - 40% - 14:51
2 - 30% - 30% - 12:43
3 - 20% - 20% - 8:13
4 - 14% - 10% - 5:58
Normal Defense
1 - 37% - 40% - 15:18
2 - 32% - 30% - 13:33
3 - 21% - 20% - 8:37
4 - 10% - 10% - 4:17
PP Forward
1 - 57% - 60% - 5:28
2 - 43% - 40% - 4:03
PP Defense
1 - 72% - 60% - 6:52
2 - 28% - 40% - 2:39
PK Forward
1 - 74% - 60% - 3:37
2 - 26% - 40% - 1:17
PK Defense
1 - 67% - 60% - 3:16
2 - 33% - 40% - 1:38
PK3 Forward
1 - 82% - 60% - 1:19
2 - 18% - 40% - 0:17
PK3 Defense
1 - 76% - 60% - 1:13
2 - 24% - 40% - 0:23
44 Forward
1 - 83% - 60% - 1:31
2 - 17% - 40% - 0:18
44 Defense
1 - 67% - 60% - 1:13
2 - 33% - 40% - 0:36
Last Minute Offensive - 0:25
Last Minute Defensive - 0:00
Total
Forward - 60:00
Defense - 60:00
|
% Time on Ice - Saguenéens
Lines # - Real PCT - Wanted PCT - Time Play
Normal Forward
1 - 39% - 40% - 16:32
2 - 27% - 30% - 11:23
3 - 22% - 20% - 9:12
4 - 12% - 10% - 5:03
Normal Defense
1 - 44% - 40% - 18:34
2 - 34% - 30% - 14:12
3 - 19% - 20% - 7:57
4 - 3% - 10% - 1:27
PP Forward
1 - 57% - 60% - 3:43
2 - 43% - 40% - 2:47
PP Defense
1 - 65% - 60% - 4:15
2 - 35% - 40% - 2:15
PK Forward
1 - 78% - 60% - 7:23
2 - 22% - 40% - 2:08
PK Defense
1 - 68% - 60% - 6:29
2 - 32% - 40% - 3:02
PK3 Forward
1 - 0% - 60%
2 - 0% - 40%
PK3 Defense
1 - 0% - 60%
2 - 0% - 40%
44 Forward
1 - 83% - 60% - 1:30
2 - 17% - 40% - 0:19
44 Defense
1 - 62% - 60% - 1:08
2 - 38% - 40% - 0:41
Last Minute Offensive - 0:00
Last Minute Defensive - 0:00
Total
Forward - 60:00
Defense - 60:00
|
Play by Play
1st period
0:01 of 1st period - Nate Thompson wins face-off versus Kyle Brodziak in neutral zone.
1:11 of 1st period - Off-side.
1:12 of 1st period - Petteri Wirtanen wins face-off versus Casey Wellman in neutral zone.
1:19 of 1st period - Snap shot by Petteri Wirtanen.
1:19 of 1st period - Stopped by Mike McKenna without a rebound.
1:20 of 1st period - Kyle Brodziak wins face-off versus Nate Thompson in Tamiflu zone.
1:33 of 1st period - Snap shot by Nate Thompson.
1:33 of 1st period - Shot Blocked by Kyle Brodziak.
1:42 of 1st period - Icing by Brandon Burlon.
1:43 of 1st period - Adam Henrique wins face-off versus Marcus Johansson in Saguenéens zone.
1:44 of 1st period - Snap shot by Petr Pohl.
1:44 of 1st period - Stopped by James Reimer with a rebound.
2:22 of 1st period - Snap shot by David Laliberté.
2:22 of 1st period - Stopped by Mike McKenna with a rebound.
2:26 of 1st period - Snap shot by Bryan Bickell.
2:26 of 1st period - Goal by Bryan Bickell - Tamiflu : 0 - Saguenéens : 1.
2:27 of 1st period - Joffrey Lupul wins face-off versus Nate Thompson in neutral zone.
2:36 of 1st period - Wrist shot by Nate Thompson.
2:36 of 1st period - Shot Misses the Net.
3:35 of 1st period - Marcus Johansson is hit by Rich Clune and loses puck.
4:10 of 1st period - Minor Penalty to David Moss for Roughing.
4:11 of 1st period - Eric Tangradi wins face-off versus Nate Thompson in Saguenéens zone.
4:24 of 1st period - Wrist shot by Alex Picard.
4:24 of 1st period - Shot Misses the Net.
4:26 of 1st period - Slapshot by Jordan Hendry.
4:26 of 1st period - Deflect By Kris Russell.
4:26 of 1st period - Stopped by James Reimer without a rebound.
4:27 of 1st period - Nate Thompson wins face-off versus Eric Tangradi in Saguenéens zone.
4:30 of 1st period - Wrist shot by Nate Thompson.
4:30 of 1st period - Shot Misses the Net.
4:32 of 1st period - Slapshot by Carson Mcmillan.
4:32 of 1st period - Deflect By Alex Picard.
4:32 of 1st period - Stopped by James Reimer with a rebound.
4:34 of 1st period - Snap shot by Nate Thompson.
4:34 of 1st period - Shot Misses the Net.
4:36 of 1st period - Wrist shot by Nate Thompson.
4:36 of 1st period - Shot Misses the Net.
6:10 of 1st period - Penalty to David Moss is over, David Moss is back on ice.
6:19 of 1st period - Snap shot by Brian Flynn.
6:19 of 1st period - Shot Blocked by Jonathan Sigalet.
6:25 of 1st period - Slapshot by Jordan Hendry.
6:25 of 1st period - Deflect By Mike Duco.
6:25 of 1st period - Shot Misses the Net.
6:25 of 1st period - Puck is out of play.
6:26 of 1st period - Philippe Dupuis wins face-off versus Marcus Johansson in Saguenéens zone.
7:07 of 1st period - Wrist shot by Derek Morris.
7:07 of 1st period - Deflect By Kyle Lawson.
7:07 of 1st period - Goal by Derek Morris - Tamiflu : 0 - Saguenéens : 2.
7:08 of 1st period - Kyle Brodziak wins face-off versus Nate Thompson in neutral zone.
7:21 of 1st period - Slapshot by Nate Thompson.
7:21 of 1st period - Shot Misses the Net.
7:23 of 1st period - Slapshot by Jonathan Sigalet.
7:23 of 1st period - Stopped by James Reimer with a rebound.
7:33 of 1st period - Petr Pohl is hit by David Laliberté and loses puck.
8:43 of 1st period - Slapshot by Kyle Brodziak.
8:43 of 1st period - Shot Misses the Net.
9:03 of 1st period - Snap shot by Petr Pohl.
9:03 of 1st period - Stopped by James Reimer without a rebound.
9:04 of 1st period - Kyle Brodziak wins face-off versus Nate Thompson in Saguenéens zone.
9:13 of 1st period - Slapshot by Kyle Brodziak.
9:13 of 1st period - Stopped by Mike McKenna without a rebound.
9:14 of 1st period - Nate Thompson wins face-off versus Kyle Brodziak in Tamiflu zone.
9:43 of 1st period - Wrist shot by Alex Picard.
9:43 of 1st period - Stopped by James Reimer with a rebound.
10:10 of 1st period - Wrist shot by Kyle Brodziak.
10:10 of 1st period - Stopped by Mike McKenna with a rebound.
10:46 of 1st period - Wrist shot by Joffrey Lupul.
10:46 of 1st period - Stopped by Mike McKenna with a rebound.
10:52 of 1st period - Snap shot by David Moss.
10:52 of 1st period - Stopped by Mike McKenna with a rebound.
10:54 of 1st period - Snap shot by Kyle Brodziak.
10:54 of 1st period - Shot Misses the Net.
10:56 of 1st period - Slapshot by Joffrey Lupul.
10:56 of 1st period - Stopped by Mike McKenna with a rebound.
10:58 of 1st period - Snap shot by Joffrey Lupul.
10:58 of 1st period - Shot Misses the Net.
11:00 of 1st period - Snap shot by David Moss.
11:00 of 1st period - Shot Misses the Net.
11:02 of 1st period - Slapshot by Joffrey Lupul.
11:02 of 1st period - Shot Misses the Net.
11:04 of 1st period - Slapshot by Joffrey Lupul.
11:04 of 1st period - Deflect By Kyle Brodziak.
11:04 of 1st period - Goal by Kyle Brodziak - Tamiflu : 0 - Saguenéens : 3.
11:05 of 1st period - Marcus Johansson wins face-off versus Adam Henrique in neutral zone.
11:11 of 1st period - Minor Penalty to Jan Mursak for Tripping.
11:12 of 1st period - Casey Wellman wins face-off versus Marcus Johansson in Tamiflu zone.
11:28 of 1st period - Slapshot by Derek Morris.
11:28 of 1st period - Shot Blocked by Jonathan Sigalet.
13:11 of 1st period - Penalty to Jan Mursak is over, Jan Mursak is back on ice.
13:21 of 1st period - Snap shot by Jan Mursak.
13:21 of 1st period - Shot Misses the Net.
13:27 of 1st period - Petr Pohl is hit by Kris Russell and loses puck.
13:42 of 1st period - Tyler McNeely is hit by Rich Clune and loses puck.
14:15 of 1st period - Minor Penalty to Jan Mursak for Delaying the game.
14:16 of 1st period - Kyle Brodziak wins face-off versus Nate Thompson in Tamiflu zone.
14:31 of 1st period - Snap shot by David Moss.
14:31 of 1st period - Stopped by Mike McKenna without a rebound.
14:32 of 1st period - Kyle Brodziak wins face-off versus Nate Thompson in Tamiflu zone.
14:45 of 1st period - Snap shot by David Moss.
14:45 of 1st period - Shot Misses the Net.
15:02 of 1st period - Slapshot by Petr Pohl.
15:02 of 1st period - Shot Misses the Net.
15:08 of 1st period - Wrist shot by Carson Mcmillan.
15:08 of 1st period - Shot Misses the Net.
16:15 of 1st period - Penalty to Jan Mursak is over, Jan Mursak is back on ice.
16:21 of 1st period - Wrist shot by Jan Mursak.
16:21 of 1st period - Stopped by James Reimer without a rebound.
16:22 of 1st period - Casey Wellman wins face-off versus Brian Flynn in Saguenéens zone.
16:47 of 1st period - Nathan Oystrick is hit by Andre Petersson and loses puck.
16:56 of 1st period - Slapshot by Eric Tangradi.
16:56 of 1st period - Shot Misses the Net.
16:58 of 1st period - Slapshot by Derek Morris.
16:58 of 1st period - Stopped by Mike McKenna without a rebound.
16:59 of 1st period - Nate Thompson wins face-off versus Joffrey Lupul in Tamiflu zone.
17:21 of 1st period - Icing by Kris Russell.
17:22 of 1st period - Kyle Brodziak wins face-off versus Adam Henrique in Saguenéens zone.
17:22 of 1st period - Kyle Brodziak is hit by Adam Henrique.
17:42 of 1st period - Minor Penalty to Bryan Bickell for Tripping.
17:43 of 1st period - Nate Thompson wins face-off versus David Moss in Saguenéens zone.
17:43 of 1st period - Wrist shot by Alex Picard.
17:43 of 1st period - Stopped by James Reimer with a rebound.
17:45 of 1st period - Snap shot by Carson Mcmillan.
17:45 of 1st period - Shot Misses the Net.
17:47 of 1st period - Wrist shot by Alex Picard.
17:47 of 1st period - Shot Blocked by Kris Russell.
17:49 of 1st period - Snap shot by Nate Thompson.
17:49 of 1st period - Shot Misses the Net.
17:51 of 1st period - Backhand shot by Jordan Hendry.
17:51 of 1st period - Deflect By Derek Morris.
17:51 of 1st period - Stopped by James Reimer without a rebound.
17:52 of 1st period - David Moss wins face-off versus Nate Thompson in Saguenéens zone.
18:17 of 1st period - Snap shot by Nate Thompson.
18:17 of 1st period - Stopped by James Reimer with a rebound.
18:19 of 1st period - Wrist shot by Alex Picard.
18:19 of 1st period - Shot Blocked by Joffrey Lupul.
18:21 of 1st period - Snap shot by Nate Thompson.
18:21 of 1st period - Goal by Nate Thompson - Tamiflu : 1 - Saguenéens : 3.
18:22 of 1st period - Nate Thompson wins face-off versus Kyle Brodziak in neutral zone.
18:47 of 1st period - Petr Pohl is hit by David Laliberté.
18:50 of 1st period - Off-side.
18:51 of 1st period - Adam Henrique wins face-off versus Marcus Johansson in neutral zone.
18:57 of 1st period - Minor Penalty to Nathan Oystrick for Delaying the game.
18:58 of 1st period - Kyle Brodziak wins face-off versus Nate Thompson in Tamiflu zone.
18:58 of 1st period - Snap shot by David Moss.
18:58 of 1st period - Shot Blocked by Alex Picard.
19:00 of 1st period - Slapshot by Kris Russell.
19:00 of 1st period - Shot Misses the Net.
19:02 of 1st period - Snap shot by David Moss.
19:02 of 1st period - Shot Misses the Net.
19:04 of 1st period - Slapshot by Kyle Brodziak.
19:04 of 1st period - Shot Blocked by Jordan Hendry.
19:06 of 1st period - Snap shot by Derek Morris.
19:06 of 1st period - Shot Misses the Net.
19:08 of 1st period - Slapshot by Derek Morris.
19:08 of 1st period - Shot Blocked by Jordan Hendry.
19:10 of 1st period - Slapshot by Derek Morris.
19:10 of 1st period - Stopped by Mike McKenna with a rebound.
19:12 of 1st period - Snap shot by Joffrey Lupul.
19:12 of 1st period - Shot Misses the Net.
19:20 of 1st period - Minor Penalty to Jonathan Sigalet for Slashing.
19:21 of 1st period - Kyle Brodziak wins face-off versus Nate Thompson in Tamiflu zone.
19:51 of 1st period - Icing by David Laliberté.
19:52 of 1st period - Nate Thompson wins face-off versus Marcus Johansson in Saguenéens zone.
Goals for this period are 1 for Tamiflu vs 3 for Saguenéens.
Shots for this period are 11 for Tamiflu vs 13 for Saguenéens.
2nd period
0:01 of 2nd period - Nate Thompson wins face-off versus Kyle Brodziak in neutral zone.
0:57 of 2nd period - Penalty to Nathan Oystrick is over, Nathan Oystrick is back on ice.
1:20 of 2nd period - Penalty to Jonathan Sigalet is over, Jonathan Sigalet is back on ice.
1:29 of 2nd period - Slapshot by Carson Mcmillan.
1:29 of 2nd period - Shot Misses the Net.
1:54 of 2nd period - Wrist shot by Garrett Wilson.
1:54 of 2nd period - Shot Misses the Net.
1:56 of 2nd period - Wrist shot by Philippe Dupuis.
1:56 of 2nd period - Stopped by James Reimer with a rebound.
2:00 of 2nd period - Wrist shot by Ben Hanowski.
2:00 of 2nd period - Deflect By Philippe Dupuis.
2:00 of 2nd period - Shot Misses the Net.
2:00 of 2nd period - Puck is out of play.
2:01 of 2nd period - Kyle Brodziak wins face-off versus Adam Henrique in Saguenéens zone.
2:14 of 2nd period - Backhand shot by Kyle Brodziak.
2:14 of 2nd period - Shot Misses the Net.
2:16 of 2nd period - Slapshot by David Moss.
2:16 of 2nd period - Shot Misses the Net.
2:26 of 2nd period - Derek Morris is hit by Jordan Hendry and loses puck.
3:07 of 2nd period - Snap shot by Kris Russell.
3:07 of 2nd period - Stopped by Mike McKenna without a rebound.
3:08 of 2nd period - Philippe Dupuis wins face-off versus Petteri Wirtanen in Tamiflu zone.
3:08 of 2nd period - Philippe Dupuis is hit by Andre Petersson.
3:21 of 2nd period - Slapshot by Jordan Hendry.
3:21 of 2nd period - Deflect By Philippe Dupuis.
3:21 of 2nd period - Stopped by James Reimer with a rebound.
3:23 of 2nd period - Slapshot by Jonathan Sigalet.
3:23 of 2nd period - Shot Misses the Net.
3:33 of 2nd period - Jonathan Sigalet is hit by Joffrey Lupul and loses puck.
4:39 of 2nd period - Snap shot by Ben Hanowski.
4:39 of 2nd period - Shot Misses the Net.
4:41 of 2nd period - Slapshot by Nathan Oystrick.
4:41 of 2nd period - Stopped by James Reimer with a rebound.
4:43 of 2nd period - Slapshot by Nathan Oystrick.
4:43 of 2nd period - Shot Blocked by Mike Sauer.
4:53 of 2nd period - Snap shot by Alex Picard.
4:53 of 2nd period - Deflect By Nate Thompson.
4:53 of 2nd period - Stopped by James Reimer with a rebound.
5:13 of 2nd period - Kevin Marshall is hit by Petr Pohl and loses puck.
6:12 of 2nd period - Slapshot by Adam Henrique.
6:12 of 2nd period - Stopped by James Reimer without a rebound.
6:13 of 2nd period - Adam Henrique wins face-off versus Petteri Wirtanen in Saguenéens zone.
6:14 of 2nd period - Wrist shot by Petr Pohl.
6:14 of 2nd period - Shot Misses the Net.
6:55 of 2nd period - Slapshot by Petr Pohl.
6:55 of 2nd period - Stopped by James Reimer without a rebound.
6:56 of 2nd period - David Moss wins face-off versus Nate Thompson in Saguenéens zone.
7:26 of 2nd period - Slapshot by Mike Duco.
7:26 of 2nd period - Shot Blocked by Derek Morris.
7:28 of 2nd period - Wrist shot by Mike Duco.
7:28 of 2nd period - Stopped by James Reimer without a rebound.
7:29 of 2nd period - Marcus Johansson wins face-off versus Nate Thompson in Saguenéens zone.
7:54 of 2nd period - Adam Henrique is hit by Joffrey Lupul and loses puck.
7:59 of 2nd period - Snap shot by Kyle Brodziak.
7:59 of 2nd period - Shot Blocked by Petr Pohl.
8:01 of 2nd period - Wrist shot by David Moss.
8:01 of 2nd period - Stopped by Mike McKenna without a rebound.
8:02 of 2nd period - Kyle Brodziak wins face-off versus Nate Thompson in Tamiflu zone.
8:27 of 2nd period - Kris Russell is hit by Petr Pohl.
8:47 of 2nd period - Kyle Lawson is hit by Kris Russell and loses puck.
8:52 of 2nd period - Snap shot by Brian Flynn.
8:52 of 2nd period - Deflect By Casey Wellman.
8:52 of 2nd period - Stopped by Mike McKenna with a rebound.
8:54 of 2nd period - Wrist shot by Rhett Rakhshani.
8:54 of 2nd period - Goal by Rhett Rakhshani - Tamiflu : 1 - Saguenéens : 4.
8:54 of 2nd period - Thomas Greiss enters game.
8:55 of 2nd period - Kyle Brodziak wins face-off versus Nate Thompson in neutral zone.
9:20 of 2nd period - Wrist shot by Adam Henrique.
9:20 of 2nd period - Deflect By David Laliberté.
9:20 of 2nd period - Shot Misses the Net.
9:20 of 2nd period - Puck is out of play.
9:21 of 2nd period - Adam Henrique wins face-off versus Marcus Johansson in Saguenéens zone.
9:48 of 2nd period - Johan Fransson is hit by Kyle Brodziak and loses puck.
9:53 of 2nd period - Snap shot by David Moss.
9:53 of 2nd period - Stopped by Thomas Greiss with a rebound.
10:09 of 2nd period - Wrist shot by Tyler McNeely.
10:09 of 2nd period - Deflect By Brian Flynn.
10:09 of 2nd period - Shot Misses the Net.
10:09 of 2nd period - Puck is out of play.
10:10 of 2nd period - Brian Flynn wins face-off versus Adam Henrique in Tamiflu zone.
10:20 of 2nd period - Icing by Jordan Hendry.
10:21 of 2nd period - Kyle Brodziak wins face-off versus Petr Pohl in Tamiflu zone.
11:09 of 2nd period - Wrist shot by Mike Duco.
11:09 of 2nd period - Shot Misses the Net.
11:15 of 2nd period - Snap shot by Tyler McNeely.
11:15 of 2nd period - Goal by Tyler McNeely - Tamiflu : 1 - Saguenéens : 5.
11:16 of 2nd period - Kyle Brodziak wins face-off versus Nate Thompson in neutral zone.
11:47 of 2nd period - Minor Penalty to David Laliberté for Elbowing.
11:48 of 2nd period - David Moss wins face-off versus Nate Thompson in Saguenéens zone.
11:48 of 2nd period - David Moss is hit by Carson Mcmillan.
13:47 of 2nd period - Penalty to David Laliberté is over, David Laliberté is back on ice.
14:11 of 2nd period - Wrist shot by Bryan Bickell.
14:11 of 2nd period - Shot Misses the Net.
15:12 of 2nd period - Icing by Kris Russell.
15:13 of 2nd period - Casey Wellman wins face-off versus Brian Flynn in Saguenéens zone.
15:22 of 2nd period - Snap shot by Alex Picard.
15:22 of 2nd period - Shot Misses the Net.
15:30 of 2nd period - Slapshot by Derek Morris.
15:30 of 2nd period - Stopped by Thomas Greiss with a rebound.
16:22 of 2nd period - Snap shot by Garrett Wilson.
16:22 of 2nd period - Shot Blocked by Kris Russell.
16:31 of 2nd period - Off-side.
16:32 of 2nd period - Marcus Johansson wins face-off versus Nate Thompson in neutral zone.
16:40 of 2nd period - Snap shot by Marcus Johansson.
16:40 of 2nd period - Shot Misses the Net.
16:42 of 2nd period - Slapshot by Mike Sauer.
16:42 of 2nd period - Shot Blocked by Jonathan Sigalet.
17:02 of 2nd period - Snap shot by Adam Henrique.
17:02 of 2nd period - Shot Blocked by Kevin Marshall.
17:48 of 2nd period - Wrist shot by Bryan Bickell.
17:48 of 2nd period - Stopped by Thomas Greiss with a rebound.
17:50 of 2nd period - Slapshot by David Laliberté.
17:50 of 2nd period - Deflect By Johan Fransson.
17:50 of 2nd period - Shot Misses the Net.
17:50 of 2nd period - Puck is out of play.
17:51 of 2nd period - Nate Thompson wins face-off versus Kyle Brodziak in Tamiflu zone.
18:20 of 2nd period - Wrist shot by Derek Morris.
18:20 of 2nd period - Stopped by Thomas Greiss without a rebound.
18:21 of 2nd period - Brian Flynn wins face-off versus Adam Henrique in Tamiflu zone.
18:30 of 2nd period - Philip Samuelsson is hit by Rhett Rakhshani and loses puck.
19:15 of 2nd period - Tyler McNeely is hit by Petr Pohl and loses puck.
19:26 of 2nd period - Wrist shot by Petr Pohl.
19:26 of 2nd period - Shot Misses the Net.
19:28 of 2nd period - Slapshot by Petr Pohl.
19:28 of 2nd period - Deflect By Adam Henrique.
19:28 of 2nd period - Shot Misses the Net.
19:28 of 2nd period - Puck is out of play.
19:29 of 2nd period - Kyle Brodziak wins face-off versus Nate Thompson in Saguenéens zone.
19:38 of 2nd period - Wrist shot by Joffrey Lupul.
19:38 of 2nd period - Goal by Joffrey Lupul - Tamiflu : 1 - Saguenéens : 6.
19:39 of 2nd period - Nate Thompson wins face-off versus Kyle Brodziak in neutral zone.
19:52 of 2nd period - Snap shot by Kyle Brodziak.
19:52 of 2nd period - Stopped by Thomas Greiss without a rebound.
19:53 of 2nd period - Nate Thompson wins face-off versus Joffrey Lupul in Tamiflu zone.
Goals for this period are 0 for Tamiflu vs 3 for Saguenéens.
Shots for this period are 7 for Tamiflu vs 11 for Saguenéens.
3rd period
0:01 of 3rd period - Kyle Brodziak wins face-off versus Nate Thompson in neutral zone.
0:04 of 3rd period - Alex Picard is hit by Kyle Brodziak and loses puck.
0:27 of 3rd period - Snap shot by Jan Mursak.
0:27 of 3rd period - Goal by Jan Mursak - Tamiflu : 2 - Saguenéens : 6.
0:28 of 3rd period - Nate Thompson wins face-off versus Kyle Brodziak in neutral zone.
0:37 of 3rd period - Derek Morris beats up Carson Mcmillan.
0:37 of 3rd period - Penalty to Derek Morris for Fighting.
0:37 of 3rd period - Penalty to Carson Mcmillan for Fighting.
0:38 of 3rd period - David Moss wins face-off versus Nate Thompson in neutral zone.
1:09 of 3rd period - Snap shot by Ben Hanowski.
1:09 of 3rd period - Shot Misses the Net.
1:11 of 3rd period - Snap shot by Philippe Dupuis.
1:11 of 3rd period - Shot Misses the Net.
1:13 of 3rd period - Wrist shot by Garrett Wilson.
1:13 of 3rd period - Goal by Garrett Wilson - Tamiflu : 3 - Saguenéens : 6.
1:14 of 3rd period - Nate Thompson wins face-off versus Marcus Johansson in neutral zone.
1:39 of 3rd period - Wrist shot by Kyle Brodziak.
1:39 of 3rd period - Stopped by Thomas Greiss without a rebound.
1:40 of 3rd period - Kyle Brodziak wins face-off versus Adam Henrique in Tamiflu zone.
1:49 of 3rd period - Wrist shot by Joffrey Lupul.
1:49 of 3rd period - Shot Blocked by Petr Pohl.
1:51 of 3rd period - Slapshot by Joffrey Lupul.
1:51 of 3rd period - Stopped by Thomas Greiss with a rebound.
1:53 of 3rd period - Wrist shot by David Moss.
1:53 of 3rd period - Shot Misses the Net.
1:55 of 3rd period - Wrist shot by David Moss.
1:55 of 3rd period - Shot Blocked by Nathan Oystrick.
2:13 of 3rd period - Snap shot by David Laliberté.
2:13 of 3rd period - Shot Misses the Net.
2:15 of 3rd period - Snap shot by Bryan Bickell.
2:15 of 3rd period - Shot Misses the Net.
3:00 of 3rd period - Icing by Eric Tangradi.
3:01 of 3rd period - Casey Wellman wins face-off versus Kyle Brodziak in Saguenéens zone.
3:26 of 3rd period - Wrist shot by Alex Picard.
3:26 of 3rd period - Shot Blocked by Kris Russell.
3:28 of 3rd period - Wrist shot by Nate Thompson.
3:28 of 3rd period - Stopped by James Reimer with a rebound.
3:33 of 3rd period - Minor Penalty to Bryan Bickell for Tripping.
3:34 of 3rd period - David Moss wins face-off versus Nate Thompson in Saguenéens zone.
3:44 of 3rd period - Slapshot by Jonathan Sigalet.
3:44 of 3rd period - Stopped by James Reimer without a rebound.
3:45 of 3rd period - Nate Thompson wins face-off versus David Moss in Saguenéens zone.
3:46 of 3rd period - Snap shot by Alex Picard.
3:46 of 3rd period - Shot Blocked by David Moss.
3:52 of 3rd period - Wrist shot by Alex Picard.
3:52 of 3rd period - Stopped by James Reimer without a rebound.
3:53 of 3rd period - David Moss wins face-off versus Nate Thompson in Saguenéens zone.
4:08 of 3rd period - Slapshot by Alex Picard.
4:08 of 3rd period - Stopped by James Reimer without a rebound.
4:09 of 3rd period - David Moss wins face-off versus Nate Thompson in Saguenéens zone.
5:22 of 3rd period - Snap shot by Adam Henrique.
5:22 of 3rd period - Shot Blocked by Jeffrey Foss.
5:33 of 3rd period - Penalty to Bryan Bickell is over, Bryan Bickell is back on ice.
5:38 of 3rd period - Icing by Eric Tangradi.
5:39 of 3rd period - Carson Mcmillan wins face-off versus Eric Tangradi in Saguenéens zone.
5:44 of 3rd period - Wrist shot by Alex Picard.
5:44 of 3rd period - Shot Misses the Net.
5:54 of 3rd period - Slapshot by Eric Tangradi.
5:54 of 3rd period - Stopped by Thomas Greiss with a rebound.
5:56 of 3rd period - Snap shot by Kris Russell.
5:56 of 3rd period - Stopped by Thomas Greiss without a rebound.
5:57 of 3rd period - Casey Wellman wins face-off versus Joffrey Lupul in Tamiflu zone.
5:57 of 3rd period - Casey Wellman is hit by Mike Sauer.
6:07 of 3rd period - Snap shot by Casey Wellman.
6:07 of 3rd period - Shot Misses the Net.
6:25 of 3rd period - Bryan Bickell is hit by Philip Samuelsson and loses puck.
6:30 of 3rd period - Slapshot by Ben Hanowski.
6:30 of 3rd period - Shot Misses the Net.
6:32 of 3rd period - Backhand shot by Kyle Lawson.
6:32 of 3rd period - Shot Misses the Net.
6:34 of 3rd period - Slapshot by Philip Samuelsson.
6:34 of 3rd period - Shot Blocked by Mike Sauer.
6:34 of 3rd period - Mike Sauer from Saguenéens is injured at 6:34 of 3rd period (Abdomen/Ribs).
6:35 of 3rd period - Nate Thompson wins face-off versus Kyle Brodziak in Saguenéens zone.
6:41 of 3rd period - Minor Penalty to Joffrey Lupul for Hooking.
6:42 of 3rd period - Nate Thompson wins face-off versus David Moss in Saguenéens zone.
6:45 of 3rd period - Wrist shot by Alex Picard.
6:45 of 3rd period - Shot Misses the Net.
6:47 of 3rd period - Snap shot by Alex Picard.
6:47 of 3rd period - Shot Misses the Net.
6:49 of 3rd period - Snap shot by Nate Thompson.
6:49 of 3rd period - Shot Misses the Net.
6:51 of 3rd period - Slapshot by Alex Picard.
6:51 of 3rd period - Goal by Alex Picard - Tamiflu : 4 - Saguenéens : 6.
6:52 of 3rd period - Kyle Brodziak wins face-off versus Nate Thompson in neutral zone.
7:21 of 3rd period - Minor Penalty to Derek Morris for High sticking.
7:22 of 3rd period - Nate Thompson wins face-off versus David Moss in Saguenéens zone.
7:47 of 3rd period - Kris Russell is hit by Petr Pohl and loses puck.
7:52 of 3rd period - Wrist shot by Petr Pohl.
7:52 of 3rd period - Shot Misses the Net.
9:02 of 3rd period - Nathan Oystrick is hit by Kevin Marshall and loses puck.
9:21 of 3rd period - Penalty to Derek Morris is over, Derek Morris is back on ice.
9:45 of 3rd period - Wrist shot by Eric Tangradi.
9:45 of 3rd period - Stopped by Thomas Greiss without a rebound.
9:46 of 3rd period - Casey Wellman wins face-off versus Brian Flynn in Tamiflu zone.
9:46 of 3rd period - Casey Wellman is hit by Rhett Rakhshani.
10:11 of 3rd period - Cody Goloubef is hit by David Laliberté and loses puck.
10:24 of 3rd period - Jan Mursak is hit by Derek Morris and loses puck.
10:55 of 3rd period - Nathan Oystrick is hit by Petteri Wirtanen and loses puck.
11:28 of 3rd period - Jonathan Sigalet is hit by Bryan Bickell and loses puck.
11:35 of 3rd period - Slapshot by Derek Morris.
11:35 of 3rd period - Stopped by Thomas Greiss without a rebound.
11:36 of 3rd period - Nate Thompson wins face-off versus Kyle Brodziak in Tamiflu zone.
11:46 of 3rd period - Carson Mcmillan is hit by Kyle Brodziak and loses puck.
12:05 of 3rd period - Minor Penalty to Derek Morris for Hooking.
12:06 of 3rd period - David Moss wins face-off versus Nate Thompson in Saguenéens zone.
12:33 of 3rd period - Wrist shot by Petr Pohl.
12:33 of 3rd period - Shot Blocked by Kris Russell.
12:35 of 3rd period - Wrist shot by Petr Pohl.
12:35 of 3rd period - Shot Blocked by Brandon Burlon.
12:37 of 3rd period - Wrist shot by Adam Henrique.
12:37 of 3rd period - Shot Misses the Net.
12:39 of 3rd period - Slapshot by Johan Fransson.
12:39 of 3rd period - Stopped by James Reimer with a rebound.
12:41 of 3rd period - Wrist shot by Jan Mursak.
12:41 of 3rd period - Goal by Jan Mursak - Tamiflu : 5 - Saguenéens : 6.
12:42 of 3rd period - Nate Thompson wins face-off versus Bryan Bickell in neutral zone.
13:27 of 3rd period - Johan Fransson is hit by Tyler McNeely and loses puck.
14:13 of 3rd period - Johan Fransson is hit by Derek Morris.
15:02 of 3rd period - Wrist shot by Tyler McNeely.
15:02 of 3rd period - Shot Misses the Net.
15:04 of 3rd period - Slapshot by Brandon Burlon.
15:04 of 3rd period - Shot Misses the Net.
15:20 of 3rd period - Marcus Johansson is hit by Jan Mursak and loses puck.
16:03 of 3rd period - Snap shot by Alex Picard.
16:03 of 3rd period - Stopped by James Reimer without a rebound.
16:04 of 3rd period - Bryan Bickell wins face-off versus Nate Thompson in Saguenéens zone.
16:19 of 3rd period - Slapshot by Alex Picard.
16:19 of 3rd period - Shot Misses the Net.
16:30 of 3rd period - Minor Penalty to Mike Duco for Holding.
16:31 of 3rd period - Nate Thompson wins face-off versus Kyle Brodziak in Tamiflu zone.
16:38 of 3rd period - Snap shot by Nate Thompson.
16:38 of 3rd period - Stopped by James Reimer with a rebound.
16:40 of 3rd period - Minor Penalty to Kyle Brodziak for Hooking.
16:41 of 3rd period - Marcus Johansson wins face-off versus Nate Thompson in Saguenéens zone.
16:46 of 3rd period - Slapshot by Kris Russell.
16:46 of 3rd period - Stopped by Thomas Greiss with a rebound.
16:54 of 3rd period - Wrist shot by Joffrey Lupul.
16:54 of 3rd period - Stopped by Thomas Greiss with a rebound.
17:13 of 3rd period - Icing by Jordan Hendry.
17:14 of 3rd period - Marcus Johansson wins face-off versus Nate Thompson in Tamiflu zone.
18:08 of 3rd period - Icing by Kris Russell.
18:09 of 3rd period - Tyler McNeely wins face-off versus Nate Thompson in Saguenéens zone.
18:24 of 3rd period - Jonathan Sigalet is hit by Eric Tangradi and loses puck.
18:30 of 3rd period - Penalty to Mike Duco is over, Mike Duco is back on ice.
18:40 of 3rd period - Penalty to Kyle Brodziak is over, Kyle Brodziak is back on ice.
19:00 of 3rd period - Tamiflu, Thomas Greiss is pulled from the net.
19:06 of 3rd period - Slapshot by Jordan Hendry.
19:06 of 3rd period - Stopped by James Reimer with a rebound.
19:18 of 3rd period - Snap shot by Joffrey Lupul.
19:18 of 3rd period - Shot Misses the Net.
19:20 of 3rd period - Snap shot by Joffrey Lupul.
19:20 of 3rd period - Goal by Joffrey Lupul - Tamiflu : 5 - Saguenéens : 7.
19:20 of 3rd period - Thomas Greiss from Tamiflu was sent back in the game.
19:21 of 3rd period - Brian Flynn wins face-off versus Casey Wellman in neutral zone.
19:30 of 3rd period - Wrist shot by Mike Duco.
19:30 of 3rd period - Stopped by James Reimer with a rebound.
19:46 of 3rd period - Jordan Hendry is hit by Joffrey Lupul and loses puck.
Goals for this period are 4 for Tamiflu vs 1 for Saguenéens.
Shots for this period are 13 for Tamiflu vs 9 for Saguenéens.
Output by the SimonT Hockey Simulator (STHS) for François Prévost -- Original Page W3C XHTML 1.0 Valid